 Dungeon Crawl Stone Soup version 0.17.0-7-gfadd4cc (webtiles) character file.

165 st0uf the Insei (level 5, -2/42 HPs)
             Began as a Draconian Transmuter on Nov 8, 2015.
             Killed from afar by an orc wizard (6 damage)
             ... with a puff of flame
             ... on level 3 of the Dungeon.
             The game lasted 00:15:23 (3295 turns).

st0uf the Insei (Draconian Transmuter)              Turns: 3295, Time: 00:15:23

Health: -2/42      AC:  5    Str: 12    XL:     5   Next: 21%
Magic:  18/18      EV: 12    Int: 14    God:
Gold:   179        SH:  0    Dex: 12    Spells: 2 memorised, 7 levels left

rFire  . . .     SeeInvis .       - Unarmed
rCold  . . .     Clarity  .     (armour unavailable)
rNeg   . . .     SustAt   .     (no shield)
rPois  .         Gourm    .     (helmet restricted)
rElec  .         Spirit   .     (no cloak)
rCorr  .         Warding  .     (no gloves)
rMut   .         Stasis   .     (no boots)
MR     .....                    (no amulet)
Stlth  +.........               (no ring)
                                l - ring of magical power

@: not resistant to hostile enchantments, very unstealthy
A: unfitting armour, cold-blooded, AC +5
a: no special abilities


You were on level 3 of the Dungeon.
You were hungry.

You visited 1 branch of the dungeon, and saw 3 of its levels.

You collected 179 gold pieces.

Inventory:

Missiles
 a - 8 arrows
Jewellery
 l - a ring of magical power (left hand)
Wands
 t - a wand of confusion (19)
Scrolls
 e - 4 scrolls of identify {unknown}
 g - 2 scrolls of immolation {unknown}
 j - a scroll of magic mapping {unknown}
 k - a scroll of recharging {unknown}
 m - 3 scrolls of remove curse {unknown}
 n - a scroll of fear {unknown}
 r - 2 scrolls of amnesia {unknown}
 s - a scroll of random uselessness {unknown}
Potions
 d - 2 potions of curing
 h - a potion of heal wounds {unknown}
 i - a potion of brilliance {unknown}
 p - a potion of degeneration {unknown}
 u - a potion of poison {unknown}
 v - a potion of magic {unknown}
Books
 b - a book of Changes

   Spells                             Type                      Level
   a - Beastly Appendage              Transmutation                1
   b - Sticks to Snakes               Transmutation                2
   c - Spider Form                    Transmutation/Poison         3
   d - Ice Form                       Ice/Transmutation            4
   e - Blade Hands                    Transmutation                5
Comestibles
 c - 3 bread rations
 f - a beef jerky
 o - 2 meat rations


   Skills:
 + Level 2.5 Fighting
 - Level 1.7 Dodging
 + Level 3.9 Unarmed Combat
 + Level 3.2 Spellcasting
 + Level 3.2 Transmutations


You had 7 spell levels left.
You knew the following spells:

 Your Spells              Type           Power        Failure   Level  Hunger
a - Beastly Appendage     Trmt           ##....       6%          1    #......
b - Sticks to Snakes      Trmt           ##........   10%         2    ##.....


Dungeon Overview and Level Annotations

Branches:
Dungeon (3/15)

Altars:

Annotations:
D:2 Grinder


Innate Abilities, Weirdness & Mutations

Your plain brown scales are hard (AC +5).
Your body does not fit into most forms of armour.
You are cold-blooded and may be slowed by cold attacks.


Message History

The orc wizard casts a spell at you. The puff of flame hits you!
* * * LOW HITPOINT WARNING * * *
You hit the orc wizard.
The orc wizard is heavily wounded.
The orc wizard barely misses you.
Drink which item? (? for menu, Esc to quit)
It was a potion of curing.
You feel better.
The orc wizard casts a spell.
The orc wizard flickers and vanishes!
You barely miss something. You headbutt something.
Something hits you but does no damage.
A magic dart appears from out of thin air!
The magic dart hits you!
* * * LOW HITPOINT WARNING * * *
Your horns disappear.
Something tries to affect you, but you resist.
A puff of flame appears from out of thin air!
The puff of flame hits you!
You die...

#.##.# #.....##.....# #.##.#
#.....##..... .....#
#.....##..... #.####
#....#.##.# #.####
###.###(.##.# # .....# #...#
#..##.##.# #.##.#
#.#.###........# #.##.#
#g##....###.###### #....##
#.##....@........###
###...###.##..#.###.##.....#
### ###........{....#
#.#..###.# #..
......####.g..### #.#..# #.#
#.# ####### ##.###
#.#..###.# #.# ##.##
#.##.....####.# #...#
#.............# # #...#
#.......####### #
#...######)##.##.#


You could see a goblin.

Vanquished Creatures
  Ijyb (D:3)
  Natasha (thrice) (D:3)
  2 adders
  2 oozes (D:3)
  A worm (D:2)
  2 giant geckos
  5 orcs (D:3)
  A giant cockroach (D:1)
  4 goblins
  4 hobgoblins
  8 jackals
  8 kobolds
  A quokka (D:3)
  2 ball pythons
  12 bats
  2 giant newts
  7 rats
65 creatures vanquished.

Vanquished Creatures (collateral kills)
  A worm (D:2)
1 creature vanquished.

Grand Total: 66 creatures vanquished

Notes
Turn   | Place    | Note
--------------------------------------------------------------
     0 | D:1      | st0uf the Draconian Transmuter began the quest for the Orb.
     0 | D:1      | Reached XP level 1. HP: 16/16 MP: 3/3
   286 | D:1      | Reached XP level 2. HP: 20/23 MP: 3/5
  1203 | D:2      | Reached XP level 3. HP: 26/28 MP: 4/6
  1585 | D:2      | Learned a level 2 spell: Sticks to Snakes
  2565 | D:3      | Noticed Grinder
  2634 | D:3      | Noticed Natasha
  2645 | D:3      | Killed Natasha
  2645 | D:3      | Reached XP level 4. HP: 23/36 MP: 8/8
  2686 | D:3      | Noticed Natasha
  2689 | D:3      | Killed Natasha
  2783 | D:3      | Noticed Ijyb
  2807 | D:3      | Killed Ijyb
  2897 | D:3      | Reached XP level 5. HP: 39/42 MP: 9/9
  2935 | D:3      | Noticed Natasha
  2938 | D:3      | Killed Natasha
  3283 | D:3      | HP: 2/42 [orc wizard/puff of flame (10)]
  3295 | D:3      | Killed from afar by an orc wizard

Action                   |  1- 3 |  4- 6 || total
-------------------------+-------+-------++-------
Melee: Unarmed           |   164 |    97 ||   261
 Cast: Beastly Appendage |    36 |    16 ||    52
       Sticks to Snakes  |     4 |       ||     4
  Use: Potion            |       |     1 ||     1
 Stab: Sleeping          |     1 |       ||     1
  Eat: Chunk             |     6 |     2 ||     8
